 Dungeon Crawl Stone Soup version 0.30-a0-728-gc68057be0a (webtiles) character file.

Game seed: 8284879323108837079

17251 testman the Warrior (level 12, -16/124 HPs)
             Began as a Minotaur Fighter on Jan 30, 2023.
             Was an Initiate of Gozag.
             Demolished by a titanic slime creature (104 damage)
             ... on level 12 of the Dungeon.
             The game lasted 00:24:54 (9321 turns).

testman the Warrior (Minotaur Fighter)              Turns: 9321, Time: 00:24:55

Health: -16/124    AC: 11    Str: 25    XL:     12   Next: 17%
Magic:  11/11      EV: 16    Int:  5    God:    Gozag
Gold:   2527       SH:  0    Dex: 13    Spells: 11/11 levels left

rFire   . . .      SeeInvis +    e - +1 executioner's axe (heavy)
rCold   . . .      Faith    .    (shield currently unavailable)
rNeg    . . .      Spirit   .    a - +0 acid dragon scales
rPois   .          Reflect  .    (helmet restricted)
rElec   .          Harm     .    S - +0 cloak {rCorr}
rCorr   +          Rampage  .    X - +1 pair of gloves
Will    .....                    K - +0 pair of boots of the Morning Star {Dex+2 SInv}
Stlth   +                        A - amulet of Xom's Ringing Laughter {Acrobat Regen+}
HPRegen 1.20/turn                F - +5 ring of evasion
MPRegen 0.12/turn                Y - +4 ring of slaying

@: mighty
A: horns 2, retaliatory headbutt
a: Renounce Religion, Potion Petition, Call Merchant, Bribe Branch


You were on level 12 of the Dungeon.
You worshipped Gozag.
Gozag was most pleased with you.
You visited 1 branch of the dungeon, and saw 12 of its levels.
You also visited: Sewer and Ossuary.

You collected 2921 gold pieces.
You spent 334 gold pieces at shops.
You paid 60 gold pieces to Gozag.

Inventory:

Hand Weapons
 e - a +1 heavy executioner's axe (weapon)
Missiles
 i - 6 datura-tipped darts
 r - 46 poisoned darts (quivered)
 s - 4 curare-tipped darts
 y - 13 boomerangs
Armour
 a - +0 acid dragon scales (worn)
 D - a +2 kite shield
 K - the +0 pair of boots of the Morning Star (worn) {Dex+2 SInv}
   (You found it on level 5 of the Dungeon)

   Dex:       It affects your dexterity (+2).
   SInv:      It lets you see invisible.
 Q - a +0 chain mail
 S - a +0 cloak of preservation (worn)
 X - a +1 pair of gloves (worn)
 Z - a scarf of repulsion
Jewellery
 d - a +4 ring of protection
 g - an amulet of magic regeneration
 m - a ring of willpower
 A - the amulet of Xom's Ringing Laughter (around neck) {Acrobat Regen+}
   (You found it on level 3 of the Dungeon)

   [amulet of the acrobat]

   It increases your evasion while moving and waiting.
   Regen:     It increases your rate of health regeneration.
 E - a ring of wizardry
 F - a +5 ring of evasion (left hand)
 V - a ring of positive energy
 Y - a +4 ring of slaying (right hand)
Wands
 q - a wand of digging (2)
 x - a wand of polymorph (5)
 L - a wand of paralysis (27)
 R - a wand of flame (32)
 T - a wand of roots (8)
 W - a wand of acid (2)
Scrolls
 b - a scroll of identify
 f - 2 scrolls of blinking
 j - 4 scrolls of fog
 v - 4 scrolls of teleportation
 w - 2 scrolls of silence
 B - 3 scrolls of fear
 C - a scroll of enchant weapon {unknown}
 M - a scroll of vulnerability {unknown}
 N - 2 scrolls of amnesia {unknown}
 O - 3 scrolls of summoning
Potions
 c - 6 potions of haste
 l - 4 potions of heal wounds
 n - 3 potions of flight
 o - 6 potions of curing
 t - a potion of berserk rage {unknown}
 u - a potion of lignification {unknown}
 z - 6 potions of attraction
 G - 3 potions of resistance
 H - 2 potions of cancellation
 I - 3 potions of invisibility
 J - 2 potions of magic
 P - a potion of mutation {unknown}


   Skills:
 + Level 16.7 Fighting
 + Level 16.6 Axes
 - Level 4.0 Armour
 - Level 5.1 Shields


You had 11 spell levels left.
You didn't know any spells.
Your spell library contained the following spells:

 Spells                   Type           Power      Damage    Failure   Level
 Beastly Appendage        Tmut           0%         N/A       54%         1
 Freeze                   Ice            0%         1d3       54%         1
 Summon Small Mammal      Summ           0%         N/A       54%         1
 Blink                    Tloc           0%         N/A       69%         2
 Lesser Beckoning         Tloc           0%         N/A       69%         2
 Momentum Strike          Conj/Tloc      0%         3d8       69%         2
 Wereblood                Tmut           0%         N/A       69%         2
 Call Canine Familiar     Summ           0%         N/A       89%         3
 Frozen Ramparts          Ice            0%         1d1       89%         3
 Gell's Gravitas          Tloc           0%         N/A       89%         3
 Hailstorm                Conj/Ice       0%         3d3       89%         3
 Spider Form              Tmut/Pois      0%         N/A       89%         3
 Stone Arrow              Conj/Erth      0%         3d7       89%         3
 Summon Guardian Golem    Hex/Summ       0%         N/A       89%         3
 Teleport Other           Tloc           0%         N/A       89%         3
 Animate Armour           Summ/Erth      0%         N/A       100%        4
 Lehudib's Crystal Spear  Conj/Erth      0%         10d2      100%        8


Dungeon Overview and Level Annotations

Branches:
Dungeon (12/15)            Temple (0/1) D:7            Lair (0/5) D:9
  Sewer (visited)         Ossuary (visited)
    Orc: D:9-12

Altars:
Gozag
Wu Jian
The Shining One

Shops:
D:2 :   D:3 *   D:7 ?   D:8 *

Annotations:
D:10 1 transporter


Innate Abilities, Weirdness & Mutations

You have a pair of horns on your head.
You reflexively headbutt those who attack you in melee.


Message History

Two slime creatures merge to form a very large slime creature.
You carve the very large slime creature like a ham!!!
You headbutt the very large slime creature!
The very large slime creature is heavily wounded.
You hear a shout!
You slash the very large slime creature!
You headbutt the very large slime creature.
The very large slime creature is heavily wounded.
The very large slime creature hits you but does no damage.
The very large slime creature hits you!
You slice the very large slime creature like a ripe choko!!!
You headbutt the very large slime creature.
The very large slime creature is almost dead.
Two slime creatures merge to form a large slime creature.
The very large slime creature hits you!!
You barely miss the very large slime creature.
You headbutt the very large slime creature.
The very large slime creature is almost dead.
The very large slime creature hits you!!!
A large slime creature splits.
The very large slime creature closely misses you.
You furiously retaliate!
You headbutt the very large slime creature!
You hear a shout!
You are too injured to fight recklessly!
You barely miss the very large slime creature.
You headbutt the very large slime creature.
The very large slime creature is almost dead.
The very large slime creature misses you.
Two slime creatures merge to form an enormous slime creature.
You feel much better.
The slime creature quivers.
Two slime creatures merge to form a titanic slime creature.
You feel very mighty all of a sudden.
You cut the titanic slime creature into ribbons!!!
The titanic slime creature is severely wounded.
The titanic slime creature hits you!!!!
Ouch! That really hurt!
You die...
Your body crumbles into a pile of gold.

... ....# #..##.# #.#.#
.....##.... ..#.. #.#.#
.....##...# .... #.#.#
o.........# #.. ######.#.# h
#.......#####.# #.).)..#.#
.##..........#.o###.######.#
o.........##.#.hJ##.#......#
.$$....JJp.....#J##.#.######
...##....###.#.#@##.#..).<#
..#.J.##.#.....#....#######
..#J####.############ .....
... .##.## .... . #.# ......
. #.# ....... . ..# ......
>..


You could see a titanic slime creature, a slime creature, a warg and an orc.

Vanquished Creatures
  A boulder beetle (D:12)
  3 two-headed ogres
  Pikel (D:5)
  A manticore (D:11)
  An ugly thing (D:10)
  Maurice (D:8)
  A centaur zombie (D:7)
  3 centaur skeletons (D:7)
  A komodo dragon (D:11)
  Psyche (D:9)
  3 trolls
  2 hellwings (D:7)
  A meliai zombie (D:7)
  Sigmund (D:2)
  A shadow (D:11)
  3 wyverns
  4 wraiths
  A human (D:12)
  14 yaks (D:9)
  2 steam dragons
  Menkaure (D:5)
  3 wargs (D:9)
  An acid dragon (D:10)
  2 water moccasins (D:7)
  Duvessa (D:7)
  3 orc warriors
  2 black bears (D:6)
  A hornet zombie (D:7)
  5 ice beasts
  2 ogres
  A sky beast (D:7)
  7 centaurs
  A phantom (D:5)
  3 lemures (D:5)
  Blork the orc (D:5)
  8 kobold brigands
  6 bullfrogs
  A gnoll sergeant (D:10)
  3 scorpions
  2 necrophages (D:5)
  8 wights
  Dowan (D:7)
  15 killer bees
  5 howler monkeys (D:9)
  A crimson imp (D:3)
  6 orc priests
  3 jellies
  3 hounds
  Crazy Yiuf (D:2)
  7 iguanas
  Ijyb (D:4)
  13 orc wizards
  5 gnolls (D:10)
  3 adders
  4 shadow imps (D:7)
  2 ufetubi
  3 adder zombies (Ossuary)
  4 worms
  4 dart slugs
  38 orcs
  7 ball pythons
  3 bats
  3 endoplasms
  3 giant cockroaches
  6 goblins
  5 hobgoblins
  4 jackals (D:5)
  2 quokkas
  5 frilled lizards
  A goblin skeleton (D:3)
  A goblin zombie (D:3)
  5 hobgoblin zombies
  31 kobolds
  2 kobold skeletons (D:3)
  3 orc skeletons
  2 orc zombies (D:3)
  6 rats
316 creatures vanquished.

Vanquished Creatures (others)
  5 plants
  3 withered plants (D:7)
8 creatures vanquished.

Grand Total: 324 creatures vanquished

Notes
Turn   | Place    | Note
-------+----------+-------------------------------------------
     0 | D:1      | testman the Minotaur Fighter began the quest for the Orb.
     0 | D:1      | Reached XP level 1. HP: 19/19 MP: 0/0
   590 | D:1      | Reached XP level 2. HP: 21/27 MP: 1/1
  1139 | D:2      | Noticed Sigmund
  1143 | D:2      | Found Peusufebla's Vocational Training.
  1145 | D:2      | Killed Sigmund
  1146 | D:2      | Reached skill level 5 in Fighting
  1146 | D:2      | Reached skill level 5 in Shields
  1146 | D:2      | Reached XP level 3. HP: 23/36 MP: 2/2
  1146 | D:2      | Reached XP level 4. HP: 27/42 MP: 3/3
  1146 | D:2      | Reached XP level 5. HP: 31/48 MP: 4/4
  1451 | D:2      | Found a runed translucent door.
  1452 | D:2      | Noticed Crazy Yiuf
  1459 | D:2      | Killed Crazy Yiuf
  1826 | D:3      | You fall into a shaft and drop 1 floor!
  1977 | D:4      | HP: 2/50 [kobold brigand/+0 club (1)]
  1980 | D:4      | Reached skill level 5 in Axes
  1980 | D:4      | Reached XP level 6. HP: 22/57 MP: 5/5
  2162 | D:4      | Noticed Ijyb
  2170 | D:4      | Killed Ijyb
  2178 | D:4      | Found an opulent altar of Gozag.
  2186 | D:4      | Became a worshipper of Gozag Ym Sagoz the Greedy
  2338 | D:3      | Identified the amulet of Xom's Ringing Laughter {Acrobat
                  | Regen+}
  2359 | D:3      | Found a glowing golden altar of the Shining One.
  2513 | D:3      | Found Dagudwij's Assorted Antiques.
  2543 | D:3      | Bought a scroll labelled VOUSAI XINWOO for 30 gold pieces
  2543 | D:3      | Bought a scroll labelled GEAMMABUAJEB for 30 gold pieces
  2543 | D:3      | Bought a scroll labelled YTHASI FUQOQA for 30 gold pieces
  2543 | D:3      | Bought a scroll labelled BOGGUSCH OQADA for 30 gold pieces
  3071 | D:4      | Reached XP level 7. HP: 56/64 MP: 6/6
  3541 | D:5      | Entered Level 5 of the Dungeon
  3541 | D:5      | Noticed Blork the orc
  3544 | D:5      | Killed Blork the orc
  3547 | D:5      | Identified a scroll of acquirement
  3550 | D:5      | Acquired a +1 heavy executioner's axe
  3626 | D:5      | Noticed Menkaure
  3632 | D:5      | Killed Menkaure
  3679 | D:5      | Found a glowing drain.
  3691 | Sewer    | Entered a sewer
  3776 | Sewer    | Reached XP level 8. HP: 74/74 MP: 7/7
  3947 | D:5      | Noticed a troll
  3953 | D:5      | Killed a troll
  3954 | D:5      | Reached skill level 10 in Fighting
  3961 | D:5      | Reached XP level 9. HP: 66/86 MP: 8/8
  3964 | D:5      | Reached skill level 10 in Axes
  4018 | D:5      | Identified the +0 pair of boots of the Morning Star {Dex+2
                  | SInv}
  4120 | D:5      | Noticed Pikel
  4127 | D:5      | Killed Pikel
  4347 | D:6      | Found a sand-covered staircase.
  4351 | Ossuary  | Entered an ossuary
  5156 | D:6      | Reached XP level 10. HP: 97/97 MP: 9/9
  5338 | D:7      | Found a staircase to the Ecumenical Temple.
  5427 | D:7      | Noticed Duvessa
  5428 | D:7      | Noticed Dowan
  5431 | D:7      | Killed Duvessa
  5435 | D:7      | Killed Dowan
  5560 | D:7      | Found Oplostromm's Magic Scroll Shoppe.
  5566 | D:7      | Bought a scroll of noise for 11 gold pieces
  5566 | D:7      | Bought a scroll of blinking for 82 gold pieces
  5566 | D:7      | Bought a scroll of poison for 44 gold pieces
  5566 | D:7      | Bought a scroll of teleportation for 33 gold pieces
  5566 | D:7      | Bought a scroll of fear for 44 gold pieces
  6136 | D:8      | Noticed Maurice
  6140 | D:8      | Killed Maurice
  6201 | D:8      | Found Luad's Gadget Gallery.
  6331 | D:8      | Reached XP level 11. HP: 49/110 MP: 10/10
  6785 | D:9      | Found a staircase to the Lair.
  7036 | D:9      | Reached skill level 15 in Fighting
  7038 | D:9      | Reached skill level 15 in Axes
  7103 | D:9      | Noticed Psyche
  7111 | D:9      | Killed Psyche
  7170 | D:9      | Found an ornate altar of the Wu Jian Council.
  7570 | D:10     | Entered Level 10 of the Dungeon
  7699 | D:10     | Noticed a two-headed ogre
  7708 | D:10     | Killed a two-headed ogre
  8111 | D:10     | Noticed a purple ugly thing
  8117 | D:10     | Killed a purple ugly thing
  8122 | D:10     | Found a transporter.
  8125 | D:10     | Found a transporter.
  8127 | D:10     | Found a transporter.
  8129 | D:10     | Found a transporter.
  8542 | D:11     | Noticed a two-headed ogre
  8548 | D:11     | Killed a two-headed ogre
  8863 | D:11     | Reached XP level 12. HP: 108/123 MP: 11/11
  8871 | D:11     | Identified the +1 quarterstaff of Yredelemnul, Growing
                  | {drain, rElec Will+}
  9071 | D:12     | Noticed a two-headed ogre
  9075 | D:12     | Killed a two-headed ogre
  9141 | D:12     | Noticed a boulder beetle
  9147 | D:12     | Killed a boulder beetle
  9321 | D:12     | Demolished by a titanic slime creature

Illustrated notes

Levels and vault maps discovered:
D:1:      nzn_arrival_water_spiral, layout_loops_corners, serial_forest,
          infiniplex_forest_clump_double, infiniplex_forest_clump_long,
          infiniplex_forest_end_1, infiniplex_forest_side_room
D:2:      layout_basic, small_statue_intersection, nicolae_shop_vocational,
          uniq_crazy_yiuf_cottage, uniq_sigmund
D:3:      layout_basic, nicolae_tso_besieged_by_evil, serial_glass,
          glass_columns_b, glass_columns_c, item_on_display_a,
          item_on_display_a, minmay_strange_pillars, serial_shops, shop
D:4:      layout_gridville, grunt_gozag_breadcrumbs, st_stairs_4,
          corner_web_ring, uniq_ijyb
D:5:      cheibrodos_fzero, layout_rooms, cheibrodos_sewer_entry_drain,
          serial_glass, glass_columns_a, glass_columns_b, uniq_menkaure,
          uniq_pikel, uniq_blork_the_orc
D:6:      layout_basic, enter_ossuary_5
D:7:      cheibrodos_grave_circle, layout_basic, minmay_temple_entry_crystal_x,
          serial_shops, nicolae_square_shop, uniq_duvessa
D:8:      layout_cave_pools, nicolae_shop_gadgets, uniq_maurice
D:9:      layout_basic, mainiacjoe_overflow_24_doors, erik_lair_orcish_takeover,
          uniq_psyche
D:10:     layout_loops_ring, grunt_ministairs_10, nicolae_transporter_circle
D:11:     layout_loops_ring
D:12:     layout_basic, erik_orc_4, serial_shops, shop

Skill      XL: |  1  2  3  4  5  6  7  8  9 10 11 |
---------------+----------------------------------+-----
Fighting       | 5 6 8 10 12 14 16 | 16.7
Axes           | 4 5 6 7 9 12 14 16 | 16.6
Shields        | 5 |  5.1
Armour         | 4 |  4.0

Action                     |  1- 3 |  4- 6 |  7- 9 | 10-12 || total
---------------------------+-------+-------+-------+-------++-------
  Melee: War axe           |    30 |   125 |    20 |       ||   175
         Headbutt          |     4 |    20 |    11 |    50 ||    85
         Executioner's axe |       |       |    99 |   267 ||   366
  Throw: Dart              |     2 |       |     1 |     4 ||     7
  Evoke: Wand              |       |       |       |     1 ||     1
    Use: Potion            |     1 |     2 |       |     2 ||     5
         Scroll            |       |       |    12 |     8 ||    20
   Stab: Distracted        |       |       |     1 |     2 ||     3
 Armour: Scale mail        |     7 |    53 |    56 |    51 ||   167
         Chain mail        |       |       |       |   107 ||   107
         Acid dragon scale |       |       |       |    20 ||    20
  Dodge: Dodged            |    10 |    49 |   116 |   356 ||   531
  Block: Buckler           |    11 |    22 |       |       ||    33
         Kite shield       |       |     5 |     8 |       ||    13

Table legend: (Time is in decaauts)
 A = Elapsed time spent in this place.
 B = Non-inter-level travel time spent in this place.
 C = Inter-level travel time spent in this place.
 D = Time resting spent in this place.
 E = Time spent auto-exploring this place.
 F = Levels seen in this place.
 G = Mean time per level.
                   A        B        C        D        E       F      G
               +--------+--------+--------+--------+--------+-----+--------+
         Total |   9721 |   9254 |    467 |     83 |   7235 |  14 |  694.4 |
       Dungeon |   9143 |   8676 |    467 |     83 |   6879 |  12 |  761.9 |
         Sewer |    289 |    289 |      0 |      0 |    171 |   1 |  289.0 |
       Ossuary |    288 |    288 |      0 |      0 |    184 |   1 |  288.0 |
               +--------+--------+--------+--------+--------+-----+--------+

Top non-repeatable levels by time:
     D:1: 1151 daAuts
     D:4: 1024 daAuts
     D:9: 1018 daAuts
     D:7: 918 daAuts
    D:10: 801 daAuts
    D:11: 791 daAuts
     D:3: 756 daAuts
     D:2: 681 daAuts
     D:6: 606 daAuts
     D:5: 599 daAuts
     D:8: 581 daAuts
   Sewer: 289 daAuts
 Ossuary: 288 daAuts
    D:12: 212 daAuts
